[Event "Live Chess"]
[Site "Chess.com"]
[Date "2023.09.16"]
[Round "-"]
[White "Gabriel0298"]
[Black "guto-XVI"]
[Result "1-0"]
[WhiteElo "1617"]
[BlackElo "1575"]
[TimeControl "900+5"]
[EndTime "15:02:58 PDT"]
[Termination "Gabriel0298 venceu por desistência"]

1. e4 c5 2. Nf3 Nc6 3. d4 cxd4 4. Nxd4 Nf6 5. Nc3 e5 6. Ndb5 d6 7. Bg5 Be7 8. Bxf6 Bxf6 9. Nd5 Be7 10. Nbc7+ Kf8 11. Nxa8 Be6 12. Nac7 Bxd5 13. Nxd5 g6 14.
Nxe7 Qxe7 15. c3 Kg7 16. Qc2 Rd8 17. O-O-O 1-0

[Event "Live Chess"]
[Site "Chess.com"]
[Date "2023.09.16"]
[Round "-"]
[White "Miinero"]
[Black "Larissa1413"]
[Result "0-1"]
[WhiteElo "1934"]
[BlackElo "1920"]
[TimeControl "900+5"]
[EndTime "15:04:02 PDT"]
[Termination "Larissa1413 venceu por desistência"]

1. c4 e6 2. Nc3 f5 3. g3 Nf6 4. Bg2 c6 5. e4 fxe4 6. Nxe4 d5 7. Nxf6+ Qxf6 8. Nf3 h6 9. d4 Bd6 10. O-O O-O 11.
c5 Bc7 12. Qe2 b6 13. b4 Ba6 0-1

[Event "Live Chess"]
[Site "Chess.com"]
[Date "2023.09.16"]
[Round "-"]
[White "silvaaps"]
[Black "Luisgustavo100"]
[Result "0-1"]
[WhiteElo "764"]
[BlackElo "932"]
[TimeControl "900+5"]
[EndTime "15:07:36 PDT"]
[Termination "Luisgustavo100 venceu por desistência"]

1. e4 c5 2. Nf3 d6 3. Bc4 e6 4. O-O Nc6 5. Bb5 Nf6 6. Bxc6+ bxc6 7. Nc3 Be7 8. e5 Nd5 9. Nxd5 cxd5 10. exd6 Bxd6 11.
d3 O-O 12. c4 Rb8 13. b3 Re8 14. cxd5 exd5 15. Re1 Bg4 16. Rxe8+ Qxe8 17. h3 Bxf3 18. gxf3 Qe5 19. Kg2 Qxa1 20. Qc2 Qe5 21. Kf1 h6 22. f4 Qd4 23. Be3 Qa1+ 24. Qc1 Qxc1+ 25. Bxc1 Re8 26.
Kg2 Re2 27. a4 Re6 0-1

[Event "Live Chess"]
[Site "Chess.com"]
[Date "2023.09.16"]
[Round "-"]
[White "RDW085"]
[Black "Yurxx21"]
[Result "0-1"]
[WhiteElo "1421"]
[BlackElo "1491"]
[TimeControl "900+5"]
[EndTime "15:09:30 PDT"]
[Termination "Yurxx21 venceu por desistência"]

1. e4 c5 2. Nf3 d6 3. d4 cxd4 4. Nxd4 Nf6 5. Nc3 a6 6. Be3 e5 7.
Nf3 Be6 8. Be2 Be7 9. O-O O-O 10. a3 Nc6 11. b4 Rc8 12. Na4 b5 13. Nb6 Rb8 14.
c3 Rxb6 15. Bxb6 Qxb6 16. Qc2 Rc8 17. Rfd1 h6 18. c4 bxc4 19. Bxc4 Nd4 20. Nxd4 exd4 21. Qd2 Rxc4 22. Qd3 Qb5 0-1

[Event "Live Chess"]
[Site "Chess.com"]
[Date "2023.09.16"]
[Round "-"]
[White "Japaawz"]
[Black "Joasgodoy"]
[Result "0-1"]
[WhiteElo "392"]
[BlackElo "682"]
[TimeControl "900+5"]
[EndTime "15:10:34 PDT"]
[Termination "Joasgodoy venceu por xeque-mate"]

1. e4 Nc6 2. d3 d5 3. Nf3 dxe4 4. dxe4 Qxd1+ 5. Kxd1 Bg4 6. Bc4 e6 7. h3 Bxf3+ 8. gxf3 O-O-O+ 9. Ke1 Bc5 10. Rf1 Nd4 11. Nc3 Nxc2+ 12. Ke2 Nxa1 13. Bg5 Nc2 14. Nb5 Nf6 15.
Bb3 a6 16. Nc3 Nd4+ 17. Ke3 Nxb3+ 18. Ke2 Rd2+ 19. Ke1 Rxb2 20. f4 Bb4 21. Bxf6 Be7 22. Bxg7 Rd8 23. a3 Bxa3 24. f5 Rdd2 25. fxe6 fxe6 26. h4 Bb4 27. Na4 Rb1# 0-1

[Event "Live Chess"]
[Site "Chess.com"]
[Date "2023.09.16"]
[Round "-"]
[White "Miinero"]
[Black "Gabriel0298"]
[Result "1-0"]
[WhiteElo "1941"]
[BlackElo "1615"]
[TimeControl "900+5"]
[EndTime "15:11:01 PDT"]
[Termination "Miinero venceu por desistência"]

1. e4 e6 2. d4 d5 3. e5 c5 4. c3 Nc6 5. Nf3 Qb6 6. Bd3 Bd7 7. O-O cxd4 8. Re1 dxc3 9. Nxc3 Bb4 10. Bd2 Nge7 11.
Rc1 h6 12. Qe2 O-O 13. Bb1 Ng6 14. a3 Be7 15. Qd3 Rac8 16. h4 Rfe8 17. h5 Nf8 18. b4 a5 19. b5 Na7 20. a4 Bb4 21. Nh4 Rc7 22. Qg3 Nh7 23. Bxh6 Bf8 24. Qd3 1-0

[Event "Live Chess"]
[Site "Chess.com"]
[Date "2023.09.16"]
[Round "-"]
[White "Larissa1413"]
[Black "Cantalicioo"]
[Result "1-0"]
[WhiteElo "1922"]
[BlackElo "1474"]
[TimeControl "900+5"]
[EndTime "15:11:52 PDT"]
[Termination "Larissa1413 venceu por desistência"]

1. d4 Nf6 2. c4 g6 3. Nc3 Bg7 4. e4 d6 5. Nf3 O-O 6. h3 c5 7. d5 e6 8. Bd3 Re8 9. O-O a6 10. Re1 exd5 11. exd5 Nbd7 12. Bg5 h6 13. Bh4 Rb8 14. Rb1 g5 15. Bg3 Nh5 16. Bxd6 Ndf6 17. Bxb8 Rxe1+ 18. Qxe1 Bxh3 19. Bh2 Bd7 20. Ne4 Ng4 21.
Nxc5 Nxh2 22. Nxh2 Bd4 23. Nxd7 Qxd7 24. Qe4 1-0

[Event "Live Chess"]
[Site "Chess.com"]
[Date "2023.09.16"]
[Round "-"]
[White "ViniciusBritoFc"]
[Black "abcgames2904"]
[Result "0-1"]
[WhiteElo "1174"]
[BlackElo "1185"]
[TimeControl "900+5"]
[EndTime "15:14:36 PDT"]
[Termination "abcgames2904 venceu por xeque-mate"]

1. c4 g6 2. Nc3 Bg7 3. Nf3 Nf6 4. Qc2 O-O 5. e4 d6 6. Be2 c5 7. O-O b6 8. d3 Nc6 9. a3 a5 10. Nb5 e5 11. h3 h6 12. a4 Ba6 13. Qb3 Nh5 14.
Be3 Nf4 15. Bxf4 exf4 16. Rfd1 Qf6 17. Ra2 Bxb5 18. Qxb5 Ne5 19. Rb1 Rfb8 20. b3 h5 21. h4 Nxf3+ 22. Bxf3 Qxh4 23. g3 fxg3 24. Kf1 gxf2 25. Rxf2 Bd4 26. Rg2 Qh3 27. Ke2 Ra7 28.
Rh1 Qxh1 29. Rxg6+ fxg6 30. Bxh1 Rf8 31. Bf3 Raf7 32.
Qc6 Rxf3 33. Qd5+ Kg7 34. Qb7+ R8f7 35. Qxb6 Rf2+ 36. Ke1 Rf1+ 37. Ke2 R7f2# 0-1

[Event "Live Chess"]
[Site "Chess.com"]
[Date "2023.09.16"]
[Round "-"]
[White "Japaawz"]
[Black "Miinero"]
[Result "0-1"]
[WhiteElo "392"]
[BlackElo "1941"]
[TimeControl "900+5"]
[EndTime "15:15:20 PDT"]
[Termination "Miinero venceu por xeque-mate"]

1. e4 e5 2. d3 Nc6 3. Nf3 f5 4. Ng5 Nf6 5. Be3 Be7 6. h4 h6 7. Nf3 fxe4 8. dxe4 Nxe4 9. Bd3 Nf6 10. O-O e4 11.
Bd4 exf3 12. Bxf6 Bxf6 13. Qxf3 Ne5 14. Qe3 O-O 15. Bc4+ d5 16. Bb3 Kh8 17. Qd3 c5 18.
Na3 c4 19. Nxc4 dxc4 20. Bxc4 Nxd3 21. Bxd3 Qd4 22. Rfd1 Qxh4 23. Rd2 Be5 24. Kf1 Qh1+ 25. Ke2 Bg4+ 26. f3 Qxg2+ 27. Ke3 Qxf3# 0-1

[Event "Live Chess"]
[Site "Chess.com"]
[Date "2023.09.16"]
[Round "-"]
[White "Tercette"]
[Black "Sophowl"]
[Result "1/2-1/2"]
[WhiteElo "235"]
[BlackElo "265"]
[TimeControl "900+5"]
[EndTime "15:16:08 PDT"]
[Termination "Partida empatada por acordo"]

1. e4 e5 2. Nc3 f6 3. f3 d6 4. Bc4 Nh6 5. f4 exf4 6. Nge2 f5 7.
O-O Qg5 8. Nxf4 fxe4 9. Nxe4 Qa5 10. Ne6 Be7 11. Nxc7+ Qxc7 12. Qf3 Qxc4 13. b3 Qxc2 14. Bb2 Qxb2 15. Rab1 Qxa2 16. Ra1 Qa6 17. Nc3 Qb6+ 18. Qf2 Qxb3 19. Rab1 Qd5 20. Nxd5 Ng4 21. Qg3 Ne5 22.
d4 Nc4 23. Qxg7 Bf6 24. Qxf6 Nd7 25. Qxh8+ Nf8 26. Nc7+ Kd7 27. Nxa8 Ne6 28. Ra1 Ne3 29. Rfe1 Nc2 30. Rf1 Nxa1 31. Qg7+ Nxg7 32. Rf7+ Ke6 33. Rf1 Nc2 34. Nc7+ Kd7 35. Nb5 Ne3 36. Nxa7 Nxf1 37. Nxc8 Kxc8 38. Kxf1 b5 39. d5 b4 40. Ke1 Nf5 41.
Kd1 Ne3+ 42. Kc1 h5 43. Kb2 Nd1+ 44. Kb3 Ne3 45. Kxb4 Nxd5+ 46. Kc4 Ne3+ 47. Kd4 Nxg2 48. Kd5 Ne3+ 49. Kxd6 1/2-1/2

[Event "Live Chess"]
[Site "Chess.com"]
[Date "2023.09.16"]
[Round "-"]
[White "Yurxx21"]
[Black "silvaaps"]
[Result "1-0"]
[WhiteElo "1491"]
[BlackElo "764"]
[TimeControl "900+5"]
[EndTime "15:20:07 PDT"]
[Termination "Yurxx21 venceu por xeque-mate"]

1. e4 d5 2. exd5 Qxd5 3. Nc3 Qe5+ 4. Be2 Nc6 5. Nf3 Qf6 6. O-O Bg4 7. h3 Bxf3 8. Bxf3 O-O-O 9. d3 Nd4 10. Be3 Nxf3+ 11. Qxf3 Qxf3 12. gxf3 e6 13. Bxa7 b6 14. a4 Kb7 15. Bxb6 cxb6 16. a5 bxa5 17. Rxa5 Bb4 18. Rb5+ Kc6 19. Rxb4 Nf6 20. Ra1 Ra8 21. Rxa8 Rxa8 22.
Rc4+ Kd7 23. Ra4 Rxa4 24. Nxa4 Nd5 25. Kg2 Kc6 26. b3 Kb5 27. c4+ Kb4 28. cxd5 exd5 29. Nb6 d4 30. Nd7 Kxb3 31. Ne5 f6 32. Nc6 Kc3 33.
Kf1 Kxd3 34. Ke1 Kc3 35. Kd1 d3 36. Ne7 d2 37. Nf5 g6 38. Ng3 Kd3 39. Ne4 f5 40.
Nxd2 g5 41. Ke1 g4 42. fxg4 fxg4 43. hxg4 Kd4 44. Ke2 Ke5 45. f3 Kf4 46. Kf2 Kg5 47. Kg3 h6 48. f4+ Kg6 49. Kh4 Kg7 50. g5 hxg5+ 51.
fxg5 Kg6 52. Ne4 Kf5 53. Nd6+ Kg6 54. Kg4 Kg7 55. Kf5 Kh8 56. Kf6 Kh7 57. Ne4 Kg8 58.
Kg6 Kh8 59. Ng3 Kg8 60. Nf5 Kf8 61. Kh7 Kf7 62. g6+ Kf8 63. g7+ Kf7 64. g8=Q+ Kf6 65.
Qg6+ Ke5 66. Ng3 Kf4 67. Qe4+ Kxg3 68. Kg6 Kh3 69. Kg5 Kh2 70. Qf3 Kg1 71. Kg4 Kh2 72.
Kf4 Kg1 73. Qa3 Kh1 74. Qa2 Kg1 75. Kg3 Kh1 76. Qh2# 1-0

[Event "Live Chess"]
[Site "Chess.com"]
[Date "2023.09.16"]
[Round "-"]
[White "Japaawz"]
[Black "Tercette"]
[Result "1-0"]
[WhiteElo "397"]
[BlackElo "161"]
[TimeControl "900+5"]
[EndTime "15:21:33 PDT"]
[Termination "Japaawz venceu por xeque-mate"]

1. e4 e5 2. Nf3 f6 3. d4 d6 4. d5 Qe7 5. Bc4 Bd7 6. O-O Na6 7. Nh4 O-O-O 8. Be3 Nb4 9. c3 Na6 10. Na3 b5 11.
Bd3 b4 12. Nc4 Nc5 13. Na5 Ba4 14. Bc2 Nh6 15. cxb4 Nb7 16. Bxa4 Nxa5 17. bxa5 Ng4 18. Rc1 Nxe3 19. fxe3 g5 20. Nf5 Bh6 21. Bc6 g4 22. Rf2 Bxe3 23. Nxe3 f5 24. exf5 Rhf8 25. a6 e4 26. Qb3 Rf6 27. Qb7# 1-0

[Event "Live Chess"]
[Site "Chess.com"]
[Date "2023.09.16"]
[Round "-"]
[White "VictoryisAbsolute"]
[Black "Larissa1413"]
[Result "0-1"]
[WhiteElo "610"]
[BlackElo "1922"]
[TimeControl "900+5"]
[EndTime "15:22:16 PDT"]
[Termination "Larissa1413 venceu por xeque-mate"]

1. e4 e6 2. Nf3 d5 3. Qe2 Nf6 4. d3 c5 5. e5 Nfd7 6. g3 Nc6 7. Bg2 Be7 8. O-O d4 9. c3 Qc7 10. Bg5 Ndxe5 11. Bxe7 Nxf3+ 12. Bxf3 Nxe7 13. cxd4 cxd4 14. Qe3 Qd6 15. Qe2 O-O 16. Nd2 Rb8 17. Nc4 Qd8 18. b4 b6 19. Rab1 Nd5 20. Bxd5 Qxd5 21. a3 Bb7 22. Qe5 Qg2# 0-1

[Event "Live Chess"]
[Site "Chess.com"]
[Date "2023.09.16"]
[Round "-"]
[White "Gustavoksbr"]
[Black "MNPedroh"]
[Result "0-1"]
[WhiteElo "1892"]
[BlackElo "1858"]
[TimeControl "900+5"]
[EndTime "15:22:23 PDT"]
[Termination "MNPedroh venceu por desistência"]

1. e4 e5 2. Nf3 Nc6 3. c3 d5 4. Qa4 dxe4 5. Nxe5 Bd7 6. Nxd7 Qxd7 7. Qxe4+ Be7 8. d4 Nf6 9. Qf3 O-O 10. Bd3 Rfe8 11. O-O Rad8 12. Bg5 h6 13. Bh4 Qd5 14. Nd2 Nxd4 15.
Qxd5 Rxd5 16. Bxf6 Bxf6 17. Rfe1 Rxe1+ 18. Rxe1 Ne6 19. Re3 Bg5 20. c4 Rd8 0-1

[Event "Live Chess"]
[Site "Chess.com"]
[Date "2023.09.16"]
[Round "-"]
[White "Cantalicioo"]
[Black "ViniciusBritoFc"]
[Result "1-0"]
[WhiteElo "1512"]
[BlackElo "1171"]
[TimeControl "900+5"]
[EndTime "15:23:48 PDT"]
[Termination "Cantalicioo venceu por desistência"]

1. d4 d5 2. c4 Nf6 3. Nc3 e6 4. a3 Nc6 5. Nf3 dxc4 6. e3 Be7 7. Bxc4 O-O 8. O-O a6 9. Ba2 h6 10. Re1 Bd7 11. e4 Be8 12. e5 Nd7 13.
Bb1 Nb6 14. Qc2 g6 15. Bxh6 Nxd4 16. Nxd4 Qxd4 17. Bxf8 Bxf8 18. Qd3 Rd8 19. Qxd4 Rxd4 20. Be4 c6 21. Rad1 Bc5 22. Rxd4 Bxd4 23. Rd1 Bxe5 24.
Rd8 Kf8 25. Rb8 Bxc3 26. bxc3 f5 27. Bf3 Na4 28. Rxb7 Nxc3 29. Rb6 e5 30. Bxc6 Bxc6 31. Rxc6 Ne2+ 32. Kf1 Nd4 33. Rxa6 Kg7 34. f3 Kh6 35. Ra5 e4 36. fxe4 fxe4 37. Ra4 Nc2 38. Ke2 Kg5 39. Kd2 Na1 40. Rxe4 Nb3+ 41. Kc2 Nc5 42. Re5+ 1-0

[Event "Live Chess"]
[Site "Chess.com"]
[Date "2023.09.16"]
[Round "-"]
[White "guto-XVI"]
[Black "Mateus_Claudius"]
[Result "0-1"]
[WhiteElo "1546"]
[BlackElo "1316"]
[TimeControl "900+5"]
[EndTime "15:23:57 PDT"]
[Termination "Mateus_Claudius venceu por xeque-mate"]

1. Nf3 Nf6 2. d4 d5 3. e3 c5 4. dxc5 e6 5. c4 Bxc5 6. Be2 O-O 7. O-O Nc6 8. b3 e5 9. cxd5 Qxd5 10. Qxd5 Nxd5 11. Rd1 Nf6 12. Bb5 Re8 13. Bb2 Bd7 14. Bxc6 Bxc6 15. Nxe5 Be7 16. Nxc6 bxc6 17. Nd2 Red8 18.
Nc4 Rd5 19. g3 Rad8 20. Rxd5 Rxd5 21. Kg2 Ne4 22. f3 Nd2 23. e4 Rd8 24. Ne5 Nxb3 25. axb3 Rd2+ 26. Kh3 Rxb2 27. Rxa7 g6 28. Nxc6 Bc5 29.
Rb7 Bg1 30. b4 h5 31. b5 Rxh2# 0-1

[Event "Live Chess"]
[Site "Chess.com"]
[Date "2023.09.16"]
[Round "-"]
[White "Capi-D-Vara"]
[Black "Jonas_Rodrigues"]
[Result "1-0"]
[WhiteElo "1274"]
[BlackElo "1284"]
[TimeControl "900+5"]
[EndTime "15:24:24 PDT"]
[Termination "Capi-D-Vara venceu por desistência"]

1. e4 e5 2. Nf3 Nc6 3. Bc4 Nf6 4.
Ng5 d5 5. exd5 Na5 6. Bb3 Nxb3 7. axb3 Qxd5 8. O-O Be7 9. Nc3 Qc6 10. Re1 e4 11. Ngxe4 O-O 12. d4 Nxe4 13. Nxe4 Bd6 14.
c4 Bf5 15. Nc3 Rfe8 16. Be3 Bb4 17. d5 Qg6 18. Qf3 Bxc3 19. bxc3 Be4 20. Qg3 Qxg3 21. hxg3 a6 22. b4 h6 23. b5 b6 24. Rxa6 Rxa6 25. bxa6 Bd3 26. Ra1 Bxc4 27. a7 Ra8 28. Bf4 Bxd5 29. Bxc7 Kh7 30. Bxb6 Bc6 31. Bc7 Kg6 32.
f4 Rc8 33. Bb8 Ba8 34. Be5 f6 35. Bd4 Kf5 36. Kf2 g5 37. Ra5+ Kg4 38. Bxf6 gxf4 39. gxf4 Kxf4 40. Ra4+ Kf5 41. Bd4 h5 42. g3 Ke6 43.
Rb4 Rf8+ 44. Kg1 Rf3 45. Kh2 Rf1 46. Bg1 Rc1 47. Rb8 Rc2+ 48. Kh3 Bg2+ 49. Kh4 Rxc3 50. a8=Q Rc4+ 51. Kxh5 Bxa8 52. Rxa8 Kf5 53. Rf8+ Ke6 54. Rf4 Rc3 55. g4 Rh3+ 56. Kg6 Ke5 57. Rf5+ Ke4 58.
g5 Rg3 59. Bh2 Rg2 60. Bd6 Rc2 61. Re5+ Kf3 62. Kg7 Rc6 63. Bf8 Kg4 64. g6 Kf4 65. Rd5 Rc7+ 66. Kg8 Ke4 67. Rc5 Rd7 68. g7 Kd4 69.
Kh8 Rd8 70. g8=Q Ke3 71. Qg5+ Kf2 72. Qxd8 Kg1 73. Qg5+ Kf1 74. Rc1+ Ke2 75. Qg2+ Kd3 76.
Rd1+ Kc4 77. Qc2+ Kb5 78. Rb1+ 1-0

[Event "Live Chess"]
[Site "Chess.com"]
[Date "2023.09.16"]
[Round "-"]
[White "abcgames2904"]
[Black "Miinero"]
[Result "0-1"]
[WhiteElo "1185"]
[BlackElo "1942"]
[TimeControl "900+5"]
[EndTime "15:25:29 PDT"]
[Termination "Miinero venceu por xeque-mate"]

1. Nf3 Nf6 2. g3 d5 3. Bg2 c6 4. d4 e6 5. e3 Bd6 6. b3 O-O 7. c4 Nbd7 8. c5 Bc7 9. Nc3 e5 10.
O-O e4 11. Nd2 Re8 12. a4 Nf8 13. b4 Bg4 14. f3 exf3 15. Bxf3 Bh3 16. Bg2 Qd7 17.
Nf3 Ne4 18. Bb2 Bxg2 19. Kxg2 Qg4 20. Qe1 Re6 21. Ne2 Rh6 22. Nf4 Bxf4 23. exf4 Qh3+ 24.
Kg1 Ne6 25. Qe2 Nxg3 26. Qg2 Nxf1 27. Qxh3 Rxh3 28. Rxf1 Re8 29. f5 Nf4 30. Bc1 Ne2+ 31. Kg2 Rh5 32. Bd2 f6 33. Kf2 Rxf5 34. Re1 Rxf3+ 35.
Kxf3 Nxd4+ 36. Kg2 Rxe1 37. Bxe1 Kf7 38. Kf2 f5 39.
Ke3 Nc2+ 40. Kd2 Nxe1 41. Kxe1 g5 42. Kf2 Ke6 43. Kg3 Ke5 44. h3 d4 45. Kf3 h5 46.
Ke2 g4 47. hxg4 fxg4 48. a5 a6 49. Kd3 g3 50. Ke2 h4 51. Kf1 d3 52. Kg2 d2 53.
Kh3 d1=Q 54. Kxh4 g2 55. Kg3 g1=Q+ 56. Kh3 Qdg4# 0-1

[Event "Live Chess"]
[Site "Chess.com"]
[Date "2023.09.16"]
[Round "-"]
[White "FerreiraPedro"]
[Black "Ferazo"]
[Result "1/2-1/2"]
[WhiteElo "1388"]
[BlackElo "1409"]
[TimeControl "900+5"]
[EndTime "15:27:26 PDT"]
[Termination "Partida empatada por acordo"]

1. Nf3 d5 2. d4 Bf5 3. c4 e6 4. Nc3 Nf6 5. Bf4 Bd6 6. Bg3 O-O 7. e3 c5 8. dxc5 Bxc5 9. cxd5 Nxd5 10. Nxd5 Qxd5 11.
Qxd5 exd5 12. Rd1 Nc6 13. a3 Rad8 14. Bd3 Bg4 15. Be2 Bf5 16. O-O Rfe8 17. Rc1 Bb6 18. Bb5 Re6 19. Ng5 Rg6 20. Nf3 d4 21. Bxc6 bxc6 22. exd4 Be4 23. Ne5 Re6 24. Rfe1 Rxd4 25.
Nc4 Bd5 26. Rxe6 Bxe6 27. Nxb6 axb6 28. Be5 Rd2 29. Kf1 1/2-1/2

[Event "Live Chess"]
[Site "Chess.com"]
[Date "2023.09.16"]
[Round "-"]
[White "IMelefante38"]
[Black "Tercette"]
[Result "1-0"]
[WhiteElo "778"]
[BlackElo "153"]
[TimeControl "900+5"]
[EndTime "15:27:45 PDT"]
[Termination "IMelefante38 venceu por xeque-mate"]

1. c4 e5 2. e4 Nf6 3. Nc3 c5 4. g3 Nc6 5. Bg2 Ng4 6. Qxg4 d6 7. Qf3 d5 8. exd5 Nb4 9. Kd1 Be7 10. Nb5 O-O 11.
a3 Na6 12. b3 Bg5 13. Nh3 Bf6 14. Re1 Bd7 15. Ra2 Qe7 16. d6 Qe8 17. Nf4 Bg5 18.
h4 Bf6 19. h5 exf4 20. Rxe8 Rfxe8 21. gxf4 b6 22. Qg3 h6 23. Bxa8 Rxa8 24. d3 Nc7 25. dxc7 a5 26. Nd6 a4 27. Bb2 axb3 28. Bxf6 bxa2 29.
Qxg7# 1-0

[Event "Live Chess"]
[Site "Chess.com"]
[Date "2023.09.16"]
[Round "-"]
[White "silvaaps"]
[Black "Japaawz"]
[Result "1/2-1/2"]
[WhiteElo "758"]
[BlackElo "403"]
[TimeControl "900+5"]
[EndTime "15:28:25 PDT"]
[Termination "Partida empatada - material insuficiente"]

1. e4 e5 2. Nf3 Nc6 3. Bb5 Nd4 4. Nxd4 exd4 5. O-O c6 6. Bc4 d5 7. exd5 cxd5 8. Bb5+ Bd7 9. Bxd7+ Qxd7 10. Qf3 Bd6 11. c3 Nh6 12. cxd4 O-O 13. Nc3 Ng4 14. g3 Qe6 15. Qxd5 Qxd5 16. Nxd5 Rae8 17. h3 Nh6 18. d3 b6 19. Bxh6 gxh6 20. Rae1 Rxe1 21. Rxe1 b5 22. Rc1 h5 23. Rc6 Bb8 24. Rc5 a6 25. Rc6 Rd8 26. Ne7+ Kf8 27. Nf5 a5 28. Rb6 Bc7 29.
Rxb5 a4 30. Rc5 Bb6 31. Rc6 Ba7 32. Rd6 Rxd6 33. Nxd6 Bxd4 34. Kg2 Bxb2 35. Kf3 Bc1 36. Ke4 Ke7 37. Nf5+ Kf6 38. d4 Bb2 39. d5 Bc3 40. d6 Ba5 41. g4 hxg4 42. hxg4 h6 43. Nxh6 Be1 44. d7 Ba5 45. g5+ Ke7 46. Kf5 f6 47.
gxf6+ Kxd7 48. f7 Bb4 49. Kg6 Ke7 50. Kg7 Ke6 51. f8=Q Bxf8+ 52. Kxf8 Ke5 53. Ng4+ Ke4 54. Kf7 Kf3 55. Ne5+ Kxf2 56. Nd3+ Ke2 57. Nc5 a3 58. Ke6 Ke3 59. Kd5 Kd2 60. Kc4 Kc2 61. Kb4 Kb2 62.
Nd3+ Kxa2 63. Nc1+ Kb2 64. Nb3 a2 65. Ka4 a1=Q+ 66.
Nxa1 1/2-1/2

[Event "Live Chess"]
[Site "Chess.com"]
[Date "2023.09.16"]
[Round "-"]
[White "Frogstetic"]
[Black "angelinho2006"]
[Result "0-1"]
[WhiteElo "2014"]
[BlackElo "2091"]
[TimeControl "900+5"]
[EndTime "15:29:28 PDT"]
[Termination "angelinho2006 venceu por desistência"]

1. e4 c5 2. Nf3 d6 3. g3 Nf6 4. d3 Nc6 5. Bg2 g6 6. O-O Bg7 7. h3 O-O 8. c3 d5 9. e5 Nd7 10.
d4 b6 11. Nbd2 Ba6 12. Re1 e6 13. Nf1 Qc7 14. Bf4 Rae8 15. Qd2 Bxf1 16. Bxf1 Qc8 17. b4 f6 18. exf6 Nxf6 19. bxc5 Ne4 20. Qb2 bxc5 21. Bd3 cxd4 22. cxd4 g5 23. Rxe4 dxe4 24. Bxe4 gxf4 25.
Rc1 fxg3 26. Bxc6 Qb8 27. Qxb8 gxf2+ 28. Kxf2 Rxb8 29. d5 Rb2+ 30. Kg3 exd5 31. Bxd5+ Kh8 32. Rc7 Rb5 33. Rd7 Bf6 34. Nd2 Rd8 35. Rxd8+ Bxd8 36. Bc4 Rc5 37. Bb3 Rc3+ 38. Kg4 Kg7 39. Ne4 Rd3 40. Nc5 Rd4+ 41. Kf3 Kf6 42. Ne4+ Ke5 43.
Nf2 Rf4+ 44. Ke3 Bb6+ 45. Kd3 Rxf2 0-1

[Event "Live Chess"]
[Site "Chess.com"]
[Date "2023.09.16"]
[Round "-"]
[White "VictoryisAbsolute"]
[Black "MNPedroh"]
[Result "0-1"]
[WhiteElo "610"]
[BlackElo "1858"]
[TimeControl "900+5"]
[EndTime "15:29:36 PDT"]
[Termination "MNPedroh venceu por xeque-mate"]

1. e4 e5 2. Qh5 Nc6 3. Bc4 g6 4. Qf3 Nf6 5. Qd1 Bg7 6. Nf3 Nxe4 7. Qe2 Nd6 8. O-O O-O 9. Nc3 Nxc4 10. Qxc4 d6 11. d4 exd4 12. Nb5 Be6 13. Qd3 Bf5 14. Qd2 Re8 15. Re1 Qd7 16. Nfxd4 Rxe1+ 17. Qxe1 Nxd4 18. Nxd4 Bxd4 19. Be3 Re8 20. c3 Bxe3 21. fxe3 Qb5 22. e4 Rxe4 23. Qf1 Qxf1+ 24. Kxf1 f6 25. Kf2 Kf7 26. Kf3 Re5 27. h3 h5 28. Rg1 Rb5 29.
b4 a5 30. a3 axb4 31. axb4 c5 32. bxc5 Rxc5 33. g4 Rxc3+ 34. Kf4 hxg4 35. hxg4 Rc4+ 36. Kf3 Rxg4 37. Rxg4 Bxg4+ 38. Kxg4 Ke6 39. Kf4 b5 40. Ke3 g5 41. Kd3 g4 42. Kc3 g3 43. Kb4 g2 44. Kxb5 g1=Q 45. Kc6 Qd4 46. Kc7 Qc5+ 47. Kd8 d5 48. Ke8 d4 49. Kd8 d3 50. Ke8 d2 51. Kd8 d1=Q+ 52. Ke8 Qd7# 0-1

[Event "Live Chess"]
[Site "Chess.com"]
[Date "2023.09.16"]
[Round "-"]
[White "Joasgodoy"]
[Black "Gabriel0298"]
[Result "0-1"]
[WhiteElo "682"]
[BlackElo "1615"]
[TimeControl "900+5"]
[EndTime "15:31:33 PDT"]
[Termination "Gabriel0298 venceu por xeque-mate"]

1. e4 e6 2. Nf3 d5 3. exd5 exd5 4. d4 Nf6 5. Bg5 Bd6 6. Nc3 c6 7. Bd3 O-O 8. Ne5 Re8 9. Bxh7+ Kxh7 10. Qd3+ Kg8 11.
O-O-O Bxe5 12. dxe5 Rxe5 13. Qg3 Re8 14. Rhe1 Be6 15. Ne2 Nbd7 16. Nf4 Qc7 17. Bh6 g6 18. Qg5 Bf5 19. h3 Qa5 20. Nd3 Bxd3 21. cxd3 Rxe1 22.
Rxe1 Qxe1+ 23. Kc2 Qxf2+ 24. Kb3 Nc5+ 25. Ka3 Qe1 26.
Qxf6 Qa5# 0-1

[Event "Live Chess"]
[Site "Chess.com"]
[Date "2023.09.16"]
[Round "-"]
[White "FerreiraPedro"]
[Black "Sophowl"]
[Result "1-0"]
[WhiteElo "1388"]
[BlackElo "265"]
[TimeControl "900+5"]
[EndTime "15:32:00 PDT"]
[Termination "FerreiraPedro venceu por xeque-mate"]

1. Nf3 d5 2. d4 Nc6 3. c4 dxc4 4. e4 Nf6 5. Nc3 e5 6. d5 Nb4 7. Nxe5 g6 8. Qa4+ Bd7 9. Nxd7 Qe7 10. Nxf6+ Kd8 11.
Bg5 Nc2+ 12. Qxc2 Qc5 13. Qa4 Be7 14. Qd7# 1-0

[Event "Live Chess"]
[Site "Chess.com"]
[Date "2023.09.16"]
[Round "-"]
[White "abcgames2904"]
[Black "Mateus_Claudius"]
[Result "0-1"]
[WhiteElo "1180"]
[BlackElo "1324"]
[TimeControl "900+5"]
[EndTime "15:32:05 PDT"]
[Termination "Mateus_Claudius venceu por xeque-mate"]

1. e4 c5 2. Bc4 Nc6 3. Nf3 e6 4. O-O a6 5. Nc3 Nf6 6. e5 Ng4 7. h3 Ngxe5 8. Nxe5 Nxe5 9. d3 d5 10. Bf4 Ng6 11. Bxd5 exd5 12. Qe2+ Be7 13. Bg5 Be6 14. h4 O-O 15. h5 Bxg5 16. hxg6 hxg6 17. f4 Bf6 18.
Kf2 Bd4+ 19. Kf3 Qh4 20. g3 Bg4+ 21. Kg2 Qh3# 0-1

[Event "Live Chess"]
[Site "Chess.com"]
[Date "2023.09.16"]
[Round "-"]
[White "Tercette"]
[Black "silvaaps"]
[Result "0-1"]
[WhiteElo "146"]
[BlackElo "759"]
[TimeControl "900+5"]
[EndTime "15:32:31 PDT"]
[Termination "silvaaps venceu por xeque-mate"]

1. e4 d5 2. f3 dxe4 3. fxe4 Nc6 4. Qh5 Nf6 5. Qd1 Bg4 6. Be2 Bxe2 7. Qxe2 Nd4 8. Qd1 Nxe4 9. d3 Nf6 10. Nf3 Nxf3+ 11.
gxf3 Qd5 12. Qe2 Qe6 13. Nc3 Qxe2+ 14. Nxe2 O-O-O 15. Bf4 e6 16. O-O-O Nd5 17. Be3 Nxe3 18. f4 Nxd1 19. Kxd1 Bd6 20. Kc1 h6 21. Nd4 Bxf4+ 22.
Kb1 Rxd4 23. c3 Rxd3 24. Rc1 Bxc1 25. Kxc1 Rh3 26. Kd2 Rxh2+ 27. Ke3 Rxb2 28. Kd3 Rd8+ 29. Kc4 Rxa2 30. Kb3 Rh2 31. Kc4 Rd6 32. Kc5 Rh5+ 33. Kc4 Rc6+ 34. Kd3 Rd5+ 35. Kc2 Rc4 36. Kb3 Rh4 37. Kc2 Ra5 38. Kd3 Ra3 39. Kc2 Rh2+ 40. Kd3 Rh4 41. Kc2 b5 42. Kd3 b4 43. Kc2 Rxc3+ 44. Kb2 Rh2+ 45. Ka1 Rg3 46. Kb1 Rg1# 0-1

[Event "Live Chess"]
[Site "Chess.com"]
[Date "2023.09.16"]
[Round "-"]
[White "IMelefante38"]
[Black "Japaawz"]
[Result "1-0"]
[WhiteElo "783"]
[BlackElo "401"]
[TimeControl "900+5"]
[EndTime "15:32:39 PDT"]
[Termination "IMelefante38 venceu por xeque-mate"]

1. e4 d6 2. Bc4 Nc6 3. Qf3 Nd4 4. Qxf7+ Kd7 5. Na3 Nh6 6. Qh5 c6 7. c3 Ne6 8. Qh3 Ke8 9. Bxe6 Bxe6 10. Qxe6 Qb6 11. Nf3 Ng4 12. Qxg4 d5 13. exd5 cxd5 14. O-O e6 15. Nd4 Bc5 16. Re1 Rf8 17. Rxe6+ Kf7 18. Rxb6 Bxb6 19. Qe6# 1-0

[Event "Live Chess"]
[Site "Chess.com"]
[Date "2023.09.16"]
[Round "-"]
[White "RDW085"]
[Black "Luisgustavo100"]
[Result "0-1"]
[WhiteElo "1406"]
[BlackElo "947"]
[TimeControl "900+5"]
[EndTime "15:33:16 PDT"]
[Termination "Luisgustavo100 venceu por desistência"]

1. e4 c5 2. Nf3 d6 3. d4 cxd4 4. Nxd4 e5 5. Nf3 Nc6 6. Bb5 Nf6 7. Nbd2 Be7 8. O-O O-O 9. c3 a6 10. Ba4 Be6 11. Re1 b5 12. Bc2 Qc7 13. Ng5 h6 14.
Nxe6 fxe6 15. b3 a5 16. Bb2 b4 17. c4 Nd4 18. Bxd4 exd4 19. Nf3 e5 20. Rc1 Qb7 21. Bd3 Nd7 22. Nd2 Nc5 23. Bf1 Bg5 24. g3 Qf7 25. Qe2 a4 26. Ra1 axb3 27. Nxb3 Nxb3 28. axb3 Rxa1 29. Rxa1 Qf3 30. Qc2 Qc3 31. Qb1 Qf3 32. Ra2 Be3 33. fxe3 Qxe3+ 34. Kh1 Qf3+ 35. Bg2 Qc3 36.
Rc2 Qd3 37. Rc1 Qxb1 38. Rxb1 Rf2 39. h4 d3 40. Kg1 Ra2 41. g4 d2 42. Kh2 Rc2 43. Rd1 Kf7 44. Kg3 g5 45. h5 Ke6 46.
Kf3 Rc3+ 47. Kf2 Rxb3 48. Rxd2 Rc3 49. Bf1 b3 50. Rb2 Rc2+ 0-1